Map: LotV Custom - Nimbus LE - Archon Mode

Players

Hindulaatti - Winner!

  • Race: Terran Terran
  • League: Platinum
  • Spawn Location: 5:00

wizard

  • Race: Terran Terran
  • League: Gold
  • Spawn Location: 11:00

BLFG - Winner!

  • Race: Zerg Zerg

scipio

  • Race: Terran Terran
  • League: Gold

VOD

Have the link to the VOD?

Description

Time

  • Played on: Dec. 20, 2014, 11:48 a.m.
  • Length: 19:53
Show
View Real Time Build Order
Export as new Build Order

Hindulaatti Terran - Winner!

Build Orders:  

Get SALT Encoding   

  12  0:01  Drone  
  13  0:13  Overlord  
  13  0:21  Drone  
  14  0:30  Extractor  
  13  0:36  Spawning Pool  
  13  0:40  Drone  
  13  0:45  Drone  
  13  0:49  Drone  
  15  0:55  Drone  
  16  1:07  Drone  
  17  1:12  Overlord  
  17  1:31  Metabolic Boost  
  17  1:33  Zergling x2  
  17  1:35  Zergling x2  
  17  1:36  Queen  
  21  1:45  Zergling x2  
  22  1:56  Zergling x2  
  23  2:10  Zergling x2  
  23  2:11  Hatchery  
  23  2:21  Zergling x2  
  24  2:35  Zergling x2  
  23  2:50  Queen  
  25  2:51  Hatchery  
  25  2:53  Drone x3  
  27  2:59  Drone x2  
  29  3:05  Overlord  
  28  3:20  Drone  
  28  3:21  Drone  
  30  3:33  Drone x2  
  30  3:34  Drone x2  
  34  3:37  Drone  
  35  3:48  Queen  
  35  3:52  Extractor  
  36  3:55  Extractor  
  36  3:57  Drone x4  
  36  3:58  Drone, Extractor  
  39  4:06  Drone x2  
  39  4:08  Extractor  
  39  4:09  Drone  
  41  4:11  Extractor  
  41  4:14  Overlord  
  40  4:19  Drone x2  
  40  4:22  Drone  
  43  4:28  Drone  
  43  4:29  Drone x2  
  46  4:34  Drone  
  46  4:35  Drone x2  
  49  4:55  Lair  
  49  4:59  Roach Warren  
  48  5:01  Evolution Chamber  
  48  5:02  Evolution Chamber  
  47  5:07  Drone x5  
  47  5:08  Drone  
  52  5:20  Drone x2  
  52  5:21  Drone x2  
  55  5:47  Zerg Ground Armor Level 1, Zerg Missile Weapons Level 1  
  55  5:50  Drone  
  55  5:51  Drone x2  
  55  5:52  Overlord x5  
  55  5:54  Overlord  
  58  6:00  Overseer  
  58  6:01  Overseer  
  58  6:06  Hydralisk Den  
  53  6:25  Lurker Den  
  52  6:31  Roach x9  
  52  6:32  Roach x3  
  75  6:44  Glial Reconstitution  
  74  6:48  Roach x3  
  74  6:49  Roach x2  
  84  7:00  Drone x5  
  84  7:01  Drone x2  
  104  7:18  Overlord x2  
  104  7:19  Overlord  
  104  7:23  Overlord  
  106  7:30  Roach  
  106  7:32  Overlord x3  
  106  7:36  Hydralisk  
  108  7:39  Hydralisk  
  108  7:41  Zerg Missile Weapons Level 2  
  110  7:47  Zerg Ground Armor Level 2  
  110  7:52  Burrow  
  110  7:58  Hydralisk  
  110  7:59  Hydralisk  
  114  8:14  Hydralisk x5  
  123  8:24  Muscular Augments  
  92  8:53  Roach  
  92  8:54  Roach x9  
  92  8:55  Roach, Lurker x2  
  116  8:56  Roach  
  116  8:57  Roach  
  116  8:58  Roach  
  116  8:59  Zergling x2  
  116  9:00  Zergling x16  
  116  9:01  Zergling x2  
  132  9:14  Lurker x2  
  127  9:29  Overseer  
  127  9:31  Hatchery, Overseer  
  122  9:32  Overseer  
  122  9:38  Overseer  
  113  9:57  Drone  
  113  9:58  Drone x8  
  126  10:01  Drone  
  127  10:14  Drone  
  127  10:15  Drone x2  
  127  10:18  Spore Crawler  
  129  10:26  Queen  
  131  10:37  Hydralisk x3  
  131  10:38  Hydralisk  
  131  10:42  Queen  
  141  10:51  Drone x5  
  146  10:59  Pneumatized Carapace  
  142  11:07  Drone  
  142  11:09  Drone x2, Extractor  
  142  11:10  Drone x3  
  142  11:11  Drone x4, Extractor  
  147  11:22  Infestation Pit  
  147  11:24  Drone  
  147  11:25  Drone x6  
  153  11:41  Hatchery  
  153  11:42  Hydralisk  
  153  11:43  Hydralisk x4  
  162  12:07  Overlord  
  162  12:08  Overlord x9  
  128  12:39  Drone  
  128  12:40  Drone x9  
  128  12:42  Hydralisk  
  128  12:43  Hydralisk x5  
  141  13:05  Queen  
  140  13:13  Hydralisk x5  
  140  13:15  Hydralisk  
  152  13:20  Hatchery  
  152  13:22  Lurker  
  152  13:23  Lurker x4  
  156  13:28  Hydralisk  
  156  13:29  Hydralisk  
  156  13:30  Hydralisk  
  156  13:33  Hydralisk  
  164  13:35  Hydralisk  
  163  13:51  Drone x3  
  163  13:52  Drone x4  
  163  13:53  Drone x3  
  173  14:02  Hive  
  173  14:24  Drone  
  173  14:25  Drone x23  
  186  14:40  Extractor  
  184  14:58  Roach  
  184  14:59  Roach x7  
  198  15:09  Extractor  
  198  15:13  Spine Crawler x3, Spore Crawler x2  
  175  15:15  Spore Crawler  
  175  15:16  Roach  
  175  15:17  Roach x10  
  193  15:38  Spore Crawler  
  193  15:39  Spore Crawler  
  193  15:40  Spore Crawler  
  193  15:41  Spore Crawler  
  193  15:42  Spore Crawler  
  188  15:44  Spore Crawler  
  188  15:45  Spore Crawler  
  188  15:47  Spore Crawler x3  
  179  15:51  Spore Crawler  
  179  15:52  Spore Crawler  
  179  15:53  Spore Crawler  
  179  15:57  Zerg Ground Armor Level 3, Zerg Missile Weapons Level 3  
  164  16:03  Queen  
  161  16:06  Roach x8  
  161  16:07  Roach x7  
  187  16:32  Roach x7  
  200  16:54  Hatchery  
  199  17:06  Unknown  
  168  17:48  Queen  
  151  17:51  Hydralisk  
  151  17:52  Hydralisk x18  
  151  17:54  Hydralisk  
  160  18:17  Hydralisk x7  
  160  18:19  Hydralisk  
  176  18:26  Hydralisk  
  176  18:27  Hydralisk x2  
  193  18:41  Extractor  
  186  18:50  Hatchery  
  186  18:55  Overseer  
Show
View Real Time Build Order
Export as new Build Order

wizard Terran 

Build Orders: Command Center First (CC), MMM Bio 

Get SALT Encoding   

  12  0:01  SCV  
  13  0:13  SCV  
  14  0:18  Supply Depot  
  14  0:25  SCV  
  15  0:40  SCV  
  16  0:52  SCV  
  17  1:01  Command Center  
  18  1:04  SCV  
  18  1:21  SCV, Barracks  
  19  1:26  Refinery  
  19  1:34  SCV  
  20  1:46  SCV  
  21  1:48  Supply Depot  
  21  1:53  Refinery  
  21  1:58  SCV  
  22  2:10  SCV  
  22  2:12  Bunker  
  22  2:13  Marine  
  24  2:24  SCV, Barracks  
  24  2:31  Marine  
  24  2:36  SCV  
  27  2:52  Orbital Command  
  27  2:53  Orbital Command  
  27  2:57  Marine  
  26  3:14  Supply Depot  
  26  3:21  Marine  
  26  3:22  SCV  
  26  3:23  SCV  
  29  3:32  Factory  
  29  3:36  SCV  
  29  3:39  Marine  
  29  3:41  Barracks  
  31  3:46  SCV  
  32  3:48  SCV  
  32  3:49  Marine  
  34  3:58  Factory  
  34  4:00  SCV  
  35  4:03  Marine  
  36  4:15  Marine  
  36  4:16  SCV x2  
  39  4:28  Starport, SCV x2  
  41  4:40  SCV  
  41  4:44  Factory Tech Lab  
  41  4:45  Widow Mine  
  42  4:51  Barracks Tech Lab  
  42  4:52  SCV  
  45  4:53  Refinery  
  45  5:01  Engineering Bay, SCV  
  45  5:04  Engineering Bay, SCV  
  45  5:05  Starport Tech Lab  
  47  5:07  Barracks Reactor  
  47  5:13  SCV  
  48  5:14  Command Center  
  48  5:18  Bunker  
  48  5:22  Stimpack  
  48  5:25  Factory Reactor  
  48  5:27  Banshee  
  51  5:30  Siege Tank  
  54  5:39  Hi-Sec Auto Tracking  
  54  5:42  Terran Infantry Weapons Level 1  
  54  6:17  Supply Depot  
  54  6:18  Supply Depot  
  54  6:20  Supply Depot  
  54  6:25  Banshee, Widow Mine x2, Marine x2  
  54  6:26  SCV x2  
  65  6:38  Missile Turret, SCV  
  66  6:40  Missile Turret  
  66  6:42  Missile Turret  
  66  6:43  Marine x2  
  68  6:50  Building Armor  
  68  6:56  Missile Turret  
  68  6:58  Missile Turret  
  68  7:00  SCV  
  69  7:01  Armory  
  69  7:03  SCV  
  69  7:05  Planetary Fortress  
  70  7:12  SCV  
  70  7:13  Banshee  
  70  7:15  SCV  
  75  7:19  Supply Depot  
  75  7:24  SCV  
  75  7:26  Supply Depot  
  75  7:29  SCV  
  77  7:32  Barracks Reactor  
  77  7:34  Widow Mine  
  77  7:35  Widow Mine  
  77  7:36  Refinery, SCV, Terran Infantry Armor Level 1  
  82  7:40  Armory  
  82  7:52  Terran Vehicle and Ship Weapons Level 1, Barracks  
  82  7:54  SCV x3, Barracks  
  85  8:00  Barracks  
  85  8:01  Barracks  
  85  8:02  Marine x3  
  87  8:06  SCV  
  87  8:09  SCV  
  89  8:20  Marauder, Marine  
  89  8:21  SCV  
  92  8:42  Marauder  
  92  8:46  SCV x2  
  92  8:47  SCV  
  97  8:50  Marine x2  
  97  8:51  Marine x2  
  98  8:56  Barracks Reactor x2  
  98  8:58  Barracks Tech Lab, SCV x2  
  98  8:59  Barracks Tech Lab  
  98  9:02  SCV  
  101  9:03  Marauder  
  101  9:08  Marine x2  
  105  9:14  Starport, SCV  
  106  9:18  Factory Reactor  
  106  9:22  Marine x3  
  109  9:35  Medivac, Marauder, Marine x3  
  109  9:36  Medivac, Siege Tank  
  121  9:40  Marine, SCV x2  
  121  9:41  SCV  
  125  9:47  Combat Shields  
  125  9:53  Concussive Shells  
  125  9:57  Command Center  
  125  10:12  Refinery  
  125  10:15  Refinery  
  125  10:17  Missile Turret  
  125  10:24  Supply Depot  
  125  10:26  Medivac x2, Supply Depot x3, Marine x2, Marauder  
  133  10:32  Terran Infantry Weapons Level 2  
  133  10:37  Terran Infantry Armor Level 2  
  133  10:45  Banshee, Marine  
  133  10:46  Marauder x2  
  133  10:47  Marine x2  
  133  10:48  Marauder  
  145  10:50  SCV x3  
  148  11:07  Marauder x2  
  146  11:20  Marine  
  146  11:21  Marauder, Marine x4  
  146  11:22  Marine x3  
  156  11:29  Marauder x2  
  160  11:33  Medivac x2  
  164  11:42  Marine  
  164  11:43  Fusion Core, Marauder, Marine x3  
  164  11:44  Marine  
  164  11:46  Planetary Fortress  
  171  11:50  Marauder x2  
  161  12:03  Widow Mine x2  
  161  12:04  Marauder  
  167  12:11  Marauder x2, SCV  
  172  12:30  SCV x2  
  172  12:31  SCV  
  172  12:32  Marauder  
  163  12:42  SCV  
  145  13:11  SCV x3  
  148  13:15  Banshee  
  151  13:21  Terran Vehicle and Ship Weapons Level 2  
  151  13:23  Hyperflight Rotors, SCV x2  
  151  13:25  Terran Infantry Weapons Level 3, Terran Infantry Armor Level 3  
  153  13:27  Marine x4  
  153  13:28  Marauder x3, Marine x4  
  167  13:35  Refinery  
  167  13:48  SCV  
  168  13:49  Marauder  
  168  13:53  Bunker  
  170  14:00  Banshee  
  155  14:42  SCV x3  
  155  14:43  Marine  
  155  14:44  Marine x4  
  155  14:45  Marauder x3, Marine  
  170  14:54  SCV  
  141  15:23  Refinery  
  141  15:24  Refinery  
  134  15:36  Marine x2  
  134  15:37  Marauder x2, Marine x4  
  134  15:38  Terran Vehicle And Ship Armor Level 1, Marauder  
  134  15:40  Banshee  
  148  15:46  Starport  
  128  15:57  Marine  
  128  15:58  Marine x5  
  128  15:59  Marauder x2, Marine x3  
  133  16:15  Marine x2  
  133  16:17  Marauder  
  137  16:20  Marauder x2  
  137  16:23  Banshee  
  137  16:25  Command Center  
  133  16:38  Marauder  
  133  16:39  Starport Tech Lab  
  133  16:40  Medivac x2  
  133  16:41  Marauder  
  139  16:51  Command Center  
  139  16:53  Marine  
  139  16:54  Marine x3  
  143  17:03  Command Center  
  143  17:05  Raven  
  143  17:07  Siege Tank  
  139  17:19  Banshee  
  111  17:39  Siege Tank  
  78  17:55  Marine x4  
  78  17:56  Marauder, Marine  
  82  18:12  Banshee  
Show
View Real Time Build Order
Export as new Build Order

BLFG Zerg - Winner!

Build Orders:  

Get SALT Encoding   

Show
View Real Time Build Order
Export as new Build Order

scipio Terran 

Build Orders:  

Get SALT Encoding   

Tags
 
Add a new tag
Caveats
  • Supply blocks, unpowered buildings, or Contaminate may cause inaccurate times.
  • Supply counts are checked every 10 seconds.